 Dungeon Crawl Stone Soup version 0.30-a0-862-g1aabd4f9c5 (webtiles) character file.

Game seed: 16486975550602225601

9 Lobster4 the Sneak (level 2, -1/24 HPs)
             Began as a Human Delver on Mar 9, 2023.
             Slain by a hound (2 damage)
             ... on level 4 of the Dungeon.
             The game lasted 00:03:23 (400 turns).

Lobster4 the Sneak (Human Delver)                    Turns: 400, Time: 00:03:24

Health: -1/24      AC:  5    Str: 12    XL:     2   Next: 25%
Magic:  2/2        EV: 11    Int: 10    God:
Gold:   10         SH:  0    Dex: 14    Spells: 1/1 levels left

rFire   . . .      SeeInvis .    a - +0 mace
rCold   . . .      Faith    .    (no shield)
rNeg    . . .      Spirit   .    h - +0 ring mail
rPois   .          Reflect  .    (no helmet)
rElec   .          Rampage  .    (no cloak)
rCorr   .                        (no gloves)
Will    .....                    (no boots)
Stlth   ++                       (no amulet)
HPRegen 0.24/turn                (no ring)
MPRegen 0.08/turn                (no ring)

@: no status effects
A: no striking features
a: no special abilities


You were on level 4 of the Dungeon.
You visited 1 branch of the dungeon, and saw 2 of its levels.

You collected 10 gold pieces.

Inventory:

Hand Weapons
 a - a +0 mace (weapon)
 d - a +0 hand axe
Missiles
 i - 4 stones (quivered)
Armour
 b - a +0 leather armour
 h - a +0 ring mail (worn)
Wands
 g - a wand of digging (3)
Scrolls
 c - a scroll of fog


   Skills:
 + Level 3.1 Fighting
 + Level 2.1 Maces & Flails
 + Level 0.5 Armour
 * Level 2.3 Dodging
 - Level 5.0 Stealth


You had one spell level left.
You didn't know any spells.
Your spell library was empty.

Dungeon Overview and Level Annotations

Branches:
Dungeon (5/15)
 Temple: D:4-7

Altars:
Ashenzari

Annotations:
D:4 Ijyb


Message History

The hound attacks as you move away! The hound barely misses you.
The hound bites you but does no damage. The hound attacks as you move away!
The hound closely misses you. The hound bites you.
You aren't carrying any potions.
Okay, then.
You barely miss the hound. The hound bites you.
You closely miss the hound. The hound closely misses you.
The hound bites you but does no damage.
You closely miss the hound. The hound barely misses you.
The hound closely misses you.
You closely miss the hound. The hound barely misses you.
The hound bites you but does no damage.
You hit the hound but do no damage. The hound bites you but does no damage.
The hound barely misses you.
You hit the hound.
The hound is moderately wounded.
The hound bites you. The hound closely misses you.
You barely miss the hound.
The hound is moderately wounded.
The hound bites you. The hound barely misses you.
You completely miss the hound.
The hound is moderately wounded.
The hound barely misses you.
The hound stops to sniff the ground.
The hound bites you.
* * * LOW HITPOINT WARNING * * *
You closely miss the hound.
The hound is moderately wounded.
The hound completely misses you. The hound barely misses you.
You closely miss the hound.
The hound is moderately wounded.
The hound bites you.
* * * LOW HITPOINT WARNING * * *
The hound bites you.
* * * LOW HITPOINT WARNING * * *
You sock the hound!
The hound is heavily wounded.
The hound bites you.
You die...

* *,**,*,,* *,......#hS.##
* *,**,,,** ***#♣#♣,♣#h## *
*,****** *,*#h# ** *,*
*,*#g# ,* *,* *** *,*#.#
,****,* **,**********,*#h#
*,,,,,* **,*,,,,,,,,,,,*#.#
**,******,**#.###########.#
***,**,,,** *#:.@hhghhhS..#
****,,,**,**#.#############
,,*,******,*,** *,,,,,,*
**,** *,****,* *,* ,,* *,*
*,* *,* *,* *,* *,*
*,****,* ,,* *,,,,,,*


You could see a hound, an adder, 4 jackals and a goblin.

Vanquished Creatures
  4 orcs (D:4)
  An endoplasm (D:4)
5 creatures vanquished.

Vanquished Creatures (others)
  2 plants (D:4)
2 creatures vanquished.

Grand Total: 7 creatures vanquished

Notes
Turn   | Place    | Note
-------+----------+-------------------------------------------
     0 | D:5      | Lobster4 the Human Delver began the quest for the Orb.
     0 | D:5      | Reached XP level 1. HP: 18/18 MP: 1/1
    44 | D:5      | Noticed an iguana
    90 | D:5      | Noticed a jelly
   127 | D:5      | Noticed an iguana
   138 | D:5      | Noticed a hound
   228 | D:4      | Noticed Ijyb
   228 | D:4      | Noticed a hound
   236 | D:4      | Noticed an orc priest
   307 | D:4      | Found a broken altar of Ashenzari.
   317 | D:4      | Reached XP level 2. HP: 16/24 MP: 2/2
   399 | D:4      | HP: 1/24 [hound (2)]
   400 | D:4      | Slain by a hound

Illustrated notes

Levels and vault maps discovered:
D:4:      layout_loops_ring, mainiacjoe_overflow_six_doors_small,
          gammafunk_ghost_necromancy, serial_forest,
          infiniplex_forest_straight_1, infiniplex_forest_lined_room_3,
          infiniplex_forest_clump_tiny, infiniplex_forest_clump_tiny,
          infiniplex_forest_straight_5, infiniplex_forest_clump_diagonal,
          uniq_ijyb
D:5:      layout_loops_ring, nicolae_overflow_two_pavilions,
          minmay_temple_entry_poolview, uniq_blork_the_orc

Action                     || total
---------------------------++-------
  Melee: Mace              ||    41
         Punch             ||     1
    Use: Scroll            ||     2
         Potion            ||     1
   Stab: Sleeping          ||     1
 Armour: Ring mail         ||    30
  Dodge: Dodged            ||    53

Table legend: (Time is in decaauts)
 A = Elapsed time spent in this place.
 B = Non-inter-level travel time spent in this place.
 C = Inter-level travel time spent in this place.
 D = Time resting spent in this place.
 E = Time spent auto-exploring this place.
 F = Levels seen in this place.
 G = Mean time per level.
                   A        B        C        D        E       F      G
               +--------+--------+--------+--------+--------+-----+--------+
         Total |    393 |    393 |      0 |     76 |      0 |   2 |  196.5 |
       Dungeon |    393 |    393 |      0 |     76 |      0 |   2 |  196.5 |
               +--------+--------+--------+--------+--------+-----+--------+

Top non-repeatable levels by time:
     D:4: 246 daAuts
     D:5: 146 daAuts
